 Dungeon Crawl Stone Soup version 0.18.1-50-g88ac8fd (webtiles) character file.

135 Chiseanne the Gusty (level 4, 0/33 HPs)
             Began as a Centaur Air Elementalist on Oct 4, 2016.
             Slain by an orc priest
             ... wielding a +0 hand axe
              (2 damage)
             ... on level 3 of the Dungeon.
             The game lasted 00:07:45 (4178 turns).

Chiseanne the Gusty (Centaur Air Elementalist)      Turns: 4178, Time: 00:07:46

Health: 0/33       AC:  8    Str: 11    XL:     4   Next: 96%
Magic:  1/7        EV:  9    Int: 15    God:
Gold:   89         SH:  0    Dex:  9    Spells: 3 memorised, 1 level left

rFire  . . .     SeeInvis .     s - +0 mace
rCold  . . .     Gourm    .     a - +0 robe
rNeg   . . .     Faith    .     (no shield)
rPois  .         Spirit   .     l - +1 helmet
rElec  .         Dismiss  .     (no cloak)
rCorr  .         Reflect  .     i - +1 pair of gloves
SustAt +         Harm     .     (no barding)
MR     .....                    (no amulet)
Stlth  +.........               (no ring)
                                x - ring of sustain attributes

@: repel missiles, very quick, not resistant to hostile enchantments, very
unstealthy
A: hooves 3, deformed body, speed 2, tough skin 3
a: no special abilities


You were on level 3 of the Dungeon.
You were not hungry.

You visited 1 branch of the dungeon, and saw 3 of its levels.

You collected 89 gold pieces.

Inventory:

Hand Weapons
 s - a +0 mace (weapon)
Missiles
 f - 8 javelins (quivered)
 g - 68 bolts
 j - 93 stones
 u - 25 arrows
 w - 18 sling bullets
Armour
 a - a +0 robe (worn)
 i - a +1 pair of gloves (worn)
 l - a +1 helmet (worn)
Jewellery
 x - a ring of sustain attributes (left hand)
Wands
 q - a wand of polymorph (22/24)
Scrolls
 d - 2 scrolls of recharging
 m - 2 scrolls of identify
 t - a scroll of remove curse
 v - a scroll of enchant armour
Potions
 e - a potion of brilliance
 o - a potion of resistance
Books
 b - a book of Air

   Spells                             Type                      Level
   a - Shock                          Conjuration/Air              1
   b - Swiftness                      Charms/Air                   2
   c - Repel Missiles                 Charms/Air                   2
   d - Static Discharge               Conjuration/Air              3
   e - Lightning Bolt                 Conjuration/Air              5
Comestibles
 c - 3 bread rations
 h - 3 fruits
 k - a beef jerky
 n - 2 slices of pizza
 p - 2 chunks of flesh
 r - 4 meat rations


   Skills:
 - Level 1.3 Dodging
 - Level 1.2 Stealth
 * Level 2.3 Spellcasting
 * Level 2.8 Conjurations
 * Level 3.7 Air Magic


You had one spell level left.
You knew the following spells:

 Your Spells              Type           Power        Failure   Level  Hunger
a - Shock                 Conj/Air       ##..         8%          1    #......
b - Static Discharge      Conj/Air       ##......     21%         3    ###....
c - Repel Missiles        Chrm/Air       #.....       17%         2    ###....


Dungeon Overview and Level Annotations

Branches:
Dungeon (3/15)

Altars:
Cheibriados
Kikubaaqudgha
Pakellas
Ru
Xom
Yredelemnul


Innate Abilities, Weirdness & Mutations

You have hooves in place of feet.
Armour fits poorly on your strangely shaped body.
You cover ground very quickly.
You have extremely tough skin (AC +3).


Message History

The orc hits you with a dagger.
* * * LOW HITPOINT WARNING * * *
Casting: Repel Missiles
Confirm with . or Enter, or press ? or * to list all spells.
Aiming: Shock
Press: ? - help, Shift-Dir - straight line, f - orc
Aim: an orc, wielding a dagger and wearing a leather armour (severely wounded)
The zap misses the orc.
The orc priest barely misses you. The orc barely misses you.
Casting: Shock
Confirm with . or Enter, or press ? or * to list all spells.
Aiming: Shock
Press: ? - help, Shift-Dir - straight line, f/p - orc
Aim: an orc, wielding a dagger and wearing a leather armour (severely wounded)
The zap misses the orc.
The orc hits you but does no damage.
The orc priest miscasts a cantrip.
You hit the orc but do no damage. You kick the orc, but do no damage.
The orc is severely wounded.
The orc priest hits you with a hand axe.
You die...

###.# #.# #รท# #.#######
#...# #.# #.# #.####### #.#S#
#.# #.# #.##..... #.#.#
#.######.# #.##.#### #.#.#
#........# #.##.# #.#.#
#######..####.##.# #.#.#
#.......##.#
#.#.###########.####...#)####
#.#........o@o...............
#.#############.####...<.....
#.......#######.#.........###
#######...................#
#########...........#
######...#### #...# #...#
#####


You could see an orc priest and an orc.

Vanquished Creatures
  A crimson imp (D:3)
  3 adders
  An ooze (D:2)
  2 worms (D:2)
  2 dart slugs (D:2)
  2 orcs (D:3)
  2 ball pythons
  8 bats
  7 giant cockroaches
  3 goblins
  9 hobgoblins
  6 kobolds
  A quokka (D:2)
  5 giant newts
  7 rats
59 creatures vanquished.

Notes
Turn   | Place    | Note
--------------------------------------------------------------
     0 | D:1      | Chiseanne the Centaur Air Elementalist began the quest for the Orb.
     0 | D:1      | Reached XP level 1. HP: 14/14 MP: 3/3
   180 | D:1      | Reached skill level 1 in Conjurations
   385 | D:1      | Reached skill level 3 in Air Magic
   755 | D:1      | Reached XP level 2. HP: 20/20 MP: 4/4
  1478 | D:2      | Reached XP level 3. HP: 22/26 MP: 0/5
  1635 | D:2      | Learned a level 3 spell: Static Discharge
  2843 | D:2      | Found a sacrificial altar of Ru.
  2995 | D:2      | Found a shimmering altar of Xom.
  3035 | D:2      | Reached XP level 4. HP: 33/33 MP: 3/7
  3084 | D:2      | Learned a level 2 spell: Repel Missiles
  3718 | D:3      | Found a snail-covered altar of Cheibriados.
  3719 | D:3      | Found an ancient bone altar of Kikubaaqudgha.
  3719 | D:3      | Found a basalt altar of Yredelemnul.
  3722 | D:3      | Found an oddly glowing altar of Pakellas.
  4178 | D:3      | Slain by an orc priest

Skill      XL: |  1  2  3 |
---------------+----------+-----
Conjurations   | 1 2 |  2.8
Air Magic      | 3 |  3.7
Spellcasting   | 2 |  2.3
Dodging        | |  1.3
Stealth        | |  1.2

Action                   |  1- 3 |  4- 6 || total
-------------------------+-------+-------++-------
Melee: Club              |     9 |       ||     9
       Unarmed           |     4 |       ||     4
       Short sword       |    54 |       ||    54
       Kick              |    10 |     7 ||    17
       Mace              |    17 |    25 ||    42
 Cast: Shock             |    79 |    45 ||   124
       Repel Missiles    |       |     1 ||     1
  Use: Scroll            |     5 |     3 ||     8
  Eat: Chunk             |     7 |     4 ||    11
Armor: Robe              |    39 |    17 ||    56
Dodge: Dodged            |    47 |    12 ||    59
       Deflected         |       |     1 ||     1
